 Dungeon Crawl Stone Soup version 0.30-a0-782-ge64f9170bb (webtiles) character file.

Game seed: 9232160414698331464

103 mopl the Gusty (level 4, 0/33 HPs)
             Began as a Draconian Air Elementalist on Mar 13, 2023.
             Killed by their own static electricity (1 damage)
             ... on level 3 of the Dungeon.
             The game lasted 00:03:16 (1877 turns).

mopl the Gusty (Draconian Air Elementalist)         Turns: 1877, Time: 00:03:16

Health: 0/33       AC:  6    Str: 10    XL:     4   Next: 51%
Magic:  4/8        EV: 12    Int: 17    God:
Gold:   159        SH:  0    Dex: 12    Spells: 2/9 levels left

rFire   . . .      SeeInvis .    c - +2 dagger (protect)
rCold   . . .      Faith    .    (no shield)
rNeg    . . .      Spirit   .    (body armour unavailable)
rPois   .          Reflect  .    (helmet restricted)
rElec   .          Harm     .    (no cloak)
rCorr   .          Rampage  .    (no gloves)
Will    .....                    d - +0 pair of boots
Stlth   ++                       (no amulet)
HPRegen 0.25/turn                (no ring)
MPRegen 0.11/turn                (no ring)

@: very slightly contaminated
A: AC +5, unfitting armour, cold-blooded
a: no special abilities


You were on level 3 of the Dungeon.
You visited 1 branch of the dungeon, and saw 3 of its levels.

You collected 159 gold pieces.

Inventory:

Hand Weapons
 c - a +2 dagger of protection (weapon)
Armour
 d - a +0 pair of boots (worn)
Scrolls
 b - 3 scrolls of identify {unknown}
 e - a scroll of enchant weapon {unknown}
 i - a scroll of amnesia {unknown}
 j - 2 scrolls of enchant armour {unknown}
 l - a scroll of noise {unknown}
Potions
 a - a potion of magic
 f - a potion of brilliance {unknown}
 g - a potion of haste {unknown}
 h - 3 potions of curing {unknown}
 k - a potion of flight {unknown}
 m - a potion of heal wounds {unknown}
 n - 2 potions of cancellation {unknown}


   Skills:
 - Level 1.7 Dodging
 - Level 1.7 Stealth
 + Level 3.0 Spellcasting
 + Level 2.5 Conjurations
 + Level 3.9 Air Magic


You had 2 spell levels left.
You knew the following spells:

 Your Spells              Type           Power      Damage    Failure   Level
a - Shock                 Conj/Air       52%        1d6       4%          1
b - Static Discharge      Conj/Air       26%        2-4/arc   7%          2
f - Airstrike             Air            8%         2d(2-18)  34%         4

Your spell library contained the following spells:

 Spells                   Type           Power      Damage    Failure   Level
 Swiftness                Air            16%        N/A       11%         3


Dungeon Overview and Level Annotations

Branches:
Dungeon (3/15)

Altars:

Shops:
D:1 [

Annotations:
D:2 1 runed translucent door, Crazy Yiuf
D:3 Sigmund


Innate Abilities, Weirdness & Mutations

Your plain brown scales are hard. (AC +5)
You cannot fit into any form of body armour.
You are cold-blooded and may be slowed by cold attacks.


Message History

HP restored.
You aren't carrying any items that you can evoke.
Unknown command.
Sigmund shouts!
You see here a +0 rapier.
The zap hits Sigmund.
Sigmund is lightly wounded.
The zap hits Sigmund.
Sigmund is moderately wounded.
Sigmund mumbles some strange words.
Sigmund flickers and vanishes!
Deactivating autopickup; reactivate with Ctrl-A.
You can't see any susceptible monsters within range! (Use Z to cast anyway.)
You are confused.
Something tries to affect you, but you resist.
You bump into the rock wall.
You are more confused.
You bump into the rock wall.
You bump into the rock wall.
Something hits you! Something hits you.
You bump into the rock wall.
Something hits you but does no damage. Something hits you!
You feel less confused. Something hits you!
* * * LOW HITPOINT WARNING * * *
Casting: Shock (safe; 4% risk of failure)
Confirm with . or Enter, or press ? or * to list all spells.
You miscast Static Discharge.
You are very lightly contaminated with residual magic.
Nothing appears to happen.
Something hits you.
* * * LOW HITPOINT WARNING * * *
Casting: Static Discharge (safe; 7% risk of failure)
Confirm with . or Enter, or press ? or * to list all spells.
Something is struck by an arc of lightning.
You are struck by an arc of lightning.
* * * LOW HITPOINT WARNING * * *
Something is struck by an arc of lightning.
You are struck by an arc of lightning.
You die...

.# .†. #.......# ##
#...###.######## .###.#..#
#.<......#
..#.....###..#####.# ...)#
....#####.## ..#.# ####...
... .##.# ##..####.# ###.#
#......#.##### # #.#
#.....@......# ##.##
###.#.##{#####.# #...#
#...........##.#
#...####.#.##.#.##.##.#####
#...##......#>#.##........#
##...##.#.#................#
..........##.#.##)#........#
..........##.#.##.#....)...#
.........##.......##.......#


There were no monsters in sight!

Vanquished Creatures
  Robin (D:2)
  2 adders (D:3)
  A worm (D:2)
  3 dart slugs
  An orc (D:3)
  4 bats
  4 endoplasms
  15 goblins
  5 hobgoblins
  3 jackals (D:1)
  7 kobolds
  2 quokkas
  6 ball pythons
  3 frilled lizards
  4 rats
61 creatures vanquished.

Vanquished Creatures (others)
  A fungus (D:2)
  3 plants (D:2)
4 creatures vanquished.

Grand Total: 65 creatures vanquished

Notes
Turn   | Place    | Note
-------+----------+-------------------------------------------
     0 | D:1      | mopl the Draconian Air Elementalist began the quest for the
                  | Orb.
     0 | D:1      | Reached XP level 1. HP: 14/14 MP: 3/3
    11 | D:1      | Found Qifef's Armour Boutique.
    69 | D:1      | Reached XP level 2. HP: 3/20 MP: 0/5
   146 | D:1      | Learned a level 2 spell: Static Discharge
   407 | D:1      | Reached XP level 3. HP: 26/26 MP: 6/6
   545 | D:1      | Found a faded altar of an unknown god.
   893 | D:2      | Reached skill level 2 in Conjurations
   912 | D:2      | Noticed Robin
   993 | D:2      | Killed Robin
  1046 | D:2      | Found a runed translucent door.
  1047 | D:2      | Noticed Crazy Yiuf
  1123 | D:2      | Reached XP level 4. HP: 33/33 MP: 5/8
  1334 | D:2      | Identified the +1 sling of Valour {flame, rElec rC+ MP-9
                  | SInv}
  1625 | D:3      | Learned a level 4 spell: Airstrike
  1714 | D:3      | Reached skill level 3 in Spellcasting
  1791 | D:3      | Noticed Sigmund
  1877 | D:3      | HP: 1/33 [/static electricity (3)]
  1877 | D:3      | Killed from afar by themself

Illustrated notes

Levels and vault maps discovered:
D:1:      tarquinn_simple_flora_water_e, layout_basic,
          hellmonk_ecumenical_altar_heavens_door, serial_shops, shop,
          amcnicky_mini_pool_small
D:2:      layout_basic, guppyfry_early_lair_pool, uniq_crazy_yiuf_cottage,
          uniq_robin
D:3:      layout_loops_cross, ebering_ghost_reflecting_pool, uniq_sigmund

Skill      XL: |  1  2  3  4 |
---------------+-------------+-----
Conjurations   | 2 |  2.5
Spellcasting   | 3 |  3.0
Dodging        | |  1.7
Stealth        | |  1.7
Air Magic      | |  3.9

Action                     |  1- 3 |  4- 6 || total
---------------------------+-------+-------++-------
  Melee: Unarmed           |    38 |       ||    38
         Tailslap          |    17 |     1 ||    18
         Dagger            |    85 |    15 ||   100
         Punch             |     2 |       ||     2
   Cast: Shock             |    44 |    25 ||    69
   Stab: Sleeping          |       |     2 ||     2
 Armour: Skin              |    71 |     2 ||    73
  Dodge: Dodged            |   112 |     7 ||   119

Table legend: (Time is in decaauts)
 A = Elapsed time spent in this place.
 B = Non-inter-level travel time spent in this place.
 C = Inter-level travel time spent in this place.
 D = Time resting spent in this place.
 E = Time spent auto-exploring this place.
 F = Levels seen in this place.
 G = Mean time per level.
                   A        B        C        D        E       F      G
               +--------+--------+--------+--------+--------+-----+--------+
         Total |   1878 |   1844 |     34 |    139 |   1178 |   3 |  626.0 |
       Dungeon |   1878 |   1844 |     34 |    139 |   1178 |   3 |  626.0 |
               +--------+--------+--------+--------+--------+-----+--------+

Top non-repeatable levels by time:
     D:2: 922 daAuts
     D:1: 697 daAuts
     D:3: 257 daAuts
